[Event "28th Saxony Seniors Open-ch 2020"]
[Site "Dresden"]
[Date "2020.10.13"]
[Round "1.1"]
[White "Pruefer, Friedbert"]
[Black "Mueckan, Friedbert"]
[Result "1-0"]
[ECO "A40"]
[WhiteElo "2249"]
[BlackElo "1874"]
[Annotator "ChessBase"]
[PlyCount "33"]
[EventDate "2020.10.13"]
[EventType "swiss"]
[EventCountry "GER"]
[SourceTitle "playchess.com"]
[Source "ChessBase"]
[SourceQuality "1"]
[TimeControl "40/5400+30:1800+30"]

1. d4 e6 2. Bf4 d5 3. e3 Bd6 4. Bg3 Nf6 5. Nd2 O-O 6. Bd3 Nc6 7. Ngf3 Nb4 8. Be2 Bxg3 9. hxg3 Nc6 10. c3 Qd6 11. Bb5 Ne7 12. Ne5 a6 13. Bd3 c5 14. Bxh7+ Kh8 15. Bc2+ Kg8 16. g4 g6 17. Qf3 1-0